AoeStats
← 17_Neo_

Arabia

510553671Analyzed
1v1 RM · 5h ago on Oct 1, 2026· 46m 7s· 2 players
Game mode
Random Map
Map size
Tiny (2 player)
Population
200
Speed
Normal
Resources
Standard
Victory
Conquest
Starting age
Dark Age
Ending age
Imperial Age
RankedLock teamsTeams togetherTeam positionsShared explorationLock speedFull tech treeHidden civsTurbo modeCheats
Victory
Defeat
🇨🇴 Maya · Colombia
1779
+20
🇧🇷 Chinese · Brazil
1860
-20
17_Neo_
0:26 Loom
10:07 Feudal Age
10:59 Double-Bit Axe
11:41 Fletching
12:29 Padded Archer Armor
15:40 Horse Collar
19:41 Wheelbarrow
22:03 Castle Age
20:04 Gold Mining
23:02 Bodkin Arrow
23:14 Thumb Ring
24:27 Ballistics
28:47 Leather Archer Armor
29:24 Town Watch
38:27 Bow Saw
42:06 Imperial Age
39:28 Stone Mining
39:36 Elite Skirmisher
41:00 Hul'che Javelineers
41:18 Heavy Plow
42:17 Hand Cart
43:17 Bracer
44:18 Chemistry
44:33 Ring Archer Armor
44:08 Pikeman
Voxer El Brazilian
0:25 Loom
8:51 Feudal Age
9:24 Double-Bit Axe
9:23 Man-at-Arms
15:51 Fletching
16:02 Scale Mail Armor
21:06 Castle Age
19:24 Horse Collar
20:09 Padded Archer Armor
20:37 Gold Mining
21:08 Crossbowman
21:46 Bodkin Arrow
22:53 Bow Saw
25:27 Leather Archer Armor
26:51 Ballistics
32:35 Guard Tower
40:26 Imperial Age
39:18 Elite Skirmisher
40:15 Thumb Ring
41:14 Wheelbarrow
41:49 Bracer
43:06 Ring Archer Armor
46:34 Chemistry
Connection lost

Rejoining the realm…

Still unreachable

The connection could not be restored.

Session expired

The server has moved on; the page needs a fresh start.